 Dungeon Crawl Stone Soup version 0.28-a0-804-g60983d4ba9 (webtiles) character file.

Game seed: 1406533261137298126

105 kae the Caller (level 4, -5/24 (25) HPs)
             Began as a Tengu Summoner on Nov 7, 2021.
             Slain by a gnoll (14 damage)
             ... on level 1 of the Dungeon.
             The game lasted 00:02:55 (2503 turns).

kae the Caller (Tengu Summoner)                     Turns: 2503, Time: 00:02:56

HP:   -5/24 (25)    AC:  2    Str:  9    XL:     4   Next: 81%
MP:   6/8           EV: 13    Int: 16    God:
Gold: 47            SH:  0    Dex: 14    Spells: 2/8 levels left

rFire   . . .      SeeInvis .   k - +2 whip (drain)
rCold   . . .      Faith    .   (no shield)
rNeg    . . .      Spirit   .   a - +0 robe
rPois   .          Reflect  .   (helmet restricted)
rElec   .          Harm     .   (no cloak)
rCorr   .          Rampage  .   (no gloves)
Will    .....                   (boots unavailable)
Stlth   +.........              (no amulet)
HPRegen 0.08/turn               (no ring)
MPRegen 0.11/turn               (no ring)

@: lightly drained, very slow
A: beak, talons 3
a: no special abilities


You were on level 1 of the Dungeon.
You visited 1 branch of the dungeon, and saw 2 of its levels.

You collected 47 gold pieces.

Inventory:

Hand Weapons
 c - a +0 whip
 g - a +0 hand axe
 k - a +2 whip of draining (weapon)
Armour
 a - a +0 robe (worn)
Potions
 b - 2 potions of attraction {unknown}
 d - a potion of might {unknown}
 e - a potion of brilliance {unknown}
 f - 2 potions of curing {unknown}
 i - a potion of heal wounds {unknown}


   Skills:
 + Level 1.5 Fighting
 + Level 3.0 Dodging
 - Level 2.0 Stealth
 + Level 2.6 Spellcasting
 * Level 5.9 Summonings


You had 2 spell levels left.
You knew the following spells:

 Your Spells              Type           Power      Damage    Failure   Level
a - Summon Small Mammal   Summ           84%        N/A       1%          1
b - Call Imp              Summ           21%        N/A       2%          2
c - Call Canine Familiar  Summ           21%        N/A       4%          3

Your spell library contained the following spells:

 Spells                   Type           Power      Damage    Failure   Level
 Summon Guardian Golem    Hex/Summ       11%        N/A       17%         3
 Summon Lightning Spire   Summ/Air       11%        N/A       50%         4
 Summon Forest            Summ/Tloc      5%         N/A       85%         5
 Eringya's Noxious Bog    Tmut/Pois      1%         N/A       100%        6
 Summon Hydra             Summ           10%        N/A       100%        7


Dungeon Overview and Level Annotations

Branches:
Dungeon (2/15)

Altars:


Innate Abilities, Weirdness & Mutations

You have a beak for a mouth.
You have claws for feet.


Message History

Done exploring.
Done exploring.
(D) Dungeon
Where to? (Enter - D:2, ? - help)
There is a stone staircase leading down here.
You climb downwards.
The gnoll barely misses you. The gnoll hits you with a +0 flail!
There is a stone staircase leading up, spattered with blood here.
The gnoll barely misses you.
You climb upwards.
There is a stone staircase leading down here.
Casting: Summon Small Mammal (safe; 1% risk of failure)
Confirm with . or Enter, or press ? or * to list all spells.
The gnoll hits you with a +0 flail!
* * * LOW HITPOINT WARNING * * *
The gnoll closely misses you.
You swap places.
The gnoll hits your rat with a +0 flail.
Your rat dies!
Your rat's corpse disappears in a puff of smoke!
There is a stone staircase leading down here.
You see here an orc skeleton.
Okay, then.
There is a stone staircase leading down here.
There is an escape hatch in the floor here.
There is a stone staircase leading down here.
The gnoll hits you with a +0 flail.
There is a large open door here.
Casting: Summon Small Mammal (safe; 1% risk of failure)
Confirm with . or Enter, or press ? or * to list all spells.
A beastly little devil appears in a puff of frigid air.
The gnoll hits you with a +0 flail! The gnoll closely misses you.
Your white imp gestures at the gnoll.
The puff of frost hits the gnoll.
You enter the shallow water.
Moving in this stuff is going to be slow.
The gnoll hits you with a +0 flail!
Ouch! That really hurt!
You die...

##########
##############<.@5≈≈≈≈#
........>...####g.≈≈≈≈#
###########.# #P.≈≈≈≈≈#
#.# #.≈≈≈≈≈≈# #.#
#P.≈≈≈≈≈# #.# ##.≈≈≈≈≈#
#.###.≈≈≈≈≈≈#
#.##.≈≈≈≈PP≈#
#.##P.≈≈≈≈P≈#


You could see a gnoll (ally target) and a friendly white imp (summoned).

Vanquished Creatures
  Natasha (D:2)
  A gnoll (D:1)
  3 bats
  3 endoplasms
  2 giant cockroaches (D:2)
  4 hobgoblins (D:1)
  A rat (D:1)
15 creatures vanquished.

Vanquished Creatures (collateral kills)
  Jessica (D:2)
  A gnoll (D:1)
  An adder (D:2)
  An orc (D:1)
  2 endoplasms (D:2)
  A ball python (D:1)
  2 frilled lizards
  A rat (D:1)
10 creatures vanquished.

Grand Total: 25 creatures vanquished

Notes
Turn   | Place    | Note
-------+----------+-------------------------------------------
     0 | D:1      | kae the Tengu Summoner began the quest for the Orb.
     0 | D:1      | Reached XP level 1. HP: 10/10 MP: 4/4
    11 | D:1      | You fall into a shaft and drop 1 floor!
   210 | D:2      | Noticed Natasha
   225 | D:2      | Killed Natasha
   226 | D:2      | Reached skill level 1 in Fighting
   226 | D:2      | Reached skill level 5 in Summonings
   226 | D:2      | Reached XP level 2. HP: 4/16 MP: 3/6
   226 | D:2      | Reached XP level 3. HP: 5/20 MP: 3/7
   229 | D:2      | Learned a level 2 spell: Call Imp
   476 | D:2      | Learned a level 3 spell: Call Canine Familiar
   591 | D:2      | Noticed Jessica
   599 | D:2      | Killed Jessica
   604 | D:2      | Reached XP level 4. HP: 25/25 MP: 4/8
   657 | D:2      | Found a faded altar of an unknown god.
  2233 | D:1      | Identified a scroll of acquirement
  2234 | D:1      | Acquired a Fen Folio
  2503 | D:1      | Slain by a gnoll

Illustrated notes

Levels and vault maps discovered:
D:1:      lightli_arrival_windingriver, layout_loops_ring
D:2:      cheibrodos_pilgrimage, layout_loops_ring,
          hellmonk_ecumenical_altar_blasted, uniq_jessica, uniq_natasha

Skill      XL: |  1  2  3  4 |
---------------+-------------+-----
Fighting       | 1 |  1.5
Summonings     | 5 |  5.9
Dodging        | 3 |  3.0
Stealth        | |  2.0
Spellcasting   | |  2.6

Action                   |  1- 3 |  4- 6 || total
-------------------------+-------+-------++-------
Melee: Whip              |    13 |    29 ||    42
       Unarmed           |     5 |       ||     5
       Kick              |     5 |     4 ||     9
       Peck              |     2 |     4 ||     6
 Cast: Summon Small Mamm |     9 |    21 ||    30
       Call Imp          |     1 |     6 ||     7
  Use: Scroll            |       |     3 ||     3
 Stab: Distracted        |     2 |       ||     2
       Sleeping          |       |     1 ||     1
Armor: Robe              |     4 |     7 ||    11
Dodge: Dodged            |     6 |    34 ||    40

Table legend: (Time is in decaauts)
 A = Elapsed time spent in this place.
 B = Non-inter-level travel time spent in this place.
 C = Inter-level travel time spent in this place.
 D = Time resting spent in this place.
 E = Time spent auto-exploring this place.
 F = Levels seen in this place.
 G = Mean time per level.
                   A        B        C        D        E       F      G
               +--------+--------+--------+--------+--------+-----+--------+
         Total |   2518 |   2432 |     86 |      0 |   1730 |   2 | 1259.0 |
       Dungeon |   2518 |   2432 |     86 |      0 |   1730 |   2 | 1259.0 |
               +--------+--------+--------+--------+--------+-----+--------+

Top non-repeatable levels by time:
     D:1: 1751 daAuts
     D:2: 767 daAuts
